 Dungeon Crawl Stone Soup version 0.27-a0-1084-g78b3836a5f (webtiles) character file.

Game seed: 14702662401004741001

74 siradein the Bolt Thrower (level 4, 26/26 HPs)
             Began as a Kobold Hunter on Apr 26, 2021.
             Quit the game on level 3 of the Dungeon.
             The game lasted 00:04:47 (3455 turns).

siradein the Bolt Thrower (Kobold Hunter)           Turns: 3455, Time: 00:04:48

Health: 26/26      AC:  4    Str:  9    XL:     4   Next: 54%
Magic:  4/4        EV: 14    Int: 12    God:
Gold:   93         SH:  0    Dex: 16    Spells: 3/3 levels left

rFire    . . .     SeeInvis .   h - +0 dagger (elec)
rCold    . . .     Faith    .   (shield restricted)
rNeg     . . .     Spirit   .   c - +0 leather armour
rPois    .         Reflect  .   (no helmet)
rElec    .         Harm     .   (no cloak)
rCorr    .         Rampage  .   e - +0 pair of gloves
Will     .....                  (no boots)
Stlth    +++.......             (no amulet)
HPRegen  0.08/turn              (no ring)
MPRegen  0.09/turn              (no ring)

@: no status effects
A: small, no large weapons, nightstalker 3
a: no special abilities


You were on level 3 of the Dungeon.
You visited 1 branch of the dungeon, and saw 3 of its levels.

You collected 93 gold pieces.

Inventory:

Hand Weapons
 a - a +1 hand crossbow
 h - a +0 dagger of electrocution (weapon)
Missiles
 d - 67 bolts
 g - 23 poisoned darts (quivered)
Armour
 c - a +0 leather armour (worn)
 e - a +0 pair of gloves (worn)
Jewellery
 l - a +6 ring of strength
Scrolls
 j - a scroll of amnesia {unknown}
 m - a scroll of noise {unknown}
 o - a scroll of vulnerability {unknown}
Potions
 b - a potion of resistance {unknown}
 f - 3 potions of curing {unknown}
 i - a potion of heal wounds {unknown}
 k - 2 potions of brilliance {unknown}
 n - a potion of magic {unknown}


   Skills:
 - Level 2.1 Fighting
 + Level 6.8 Crossbows
 - Level 2.4 Dodging
 - Level 1.3 Stealth


You had 3 spell levels left.
You didn't know any spells.
Your spell library was empty.

Dungeon Overview and Level Annotations

Branches:
Dungeon (3/15)

Altars:

Shops:
D:3 !


Innate Abilities, Weirdness & Mutations

You are small and have problems with some larger weapons.
You are completely attuned to the shadows.


Message History

An adder is nearby!
The helpless adder fails to defend itself.
You hit the adder.
The adder is heavily wounded.
The adder completely misses you.
You hit the adder but do no damage.
The adder is heavily wounded.
The adder bites you.
You are poisoned.
The adder poisons you! The adder completely misses you.
You hit the adder but do no damage. Lightning courses through the adder!
You kill the adder!
You feel sick.
You feel sick.
You feel sick.
You feel sick.
You feel sick.
You are no longer poisoned.
Found a robe.
o - a scroll labelled ZAREUPOEFE You see here a +0 robe.
Found a short sword.
Done exploring.
Done exploring.
Done exploring.
Done exploring.
Done exploring.
(D) Dungeon
Where to? (Enter - D:2, ? - help)
What level of the Dungeon? (default 1, ? - help)
There is a stone staircase leading down here.
You climb downwards.
An adder comes into view.
Found a scale mail.
Found Kobu Emouda's Distillery.
Found an escape hatch in the ceiling and an escape hatch in the floor.
There is a stone staircase leading up here.
Saving game... please wait.
Welcome back, siradein the Kobold Hunter.
Press ? for a list of commands and other information.
Are you sure you want to abandon this character and quit the game? (Confirm with "yes".)

.#.# .
.#.# ..
...
.<.##[#.#
S...@....
......#.>
♣.......
∩.♣.#####
♣...


You could see an adder (asleep).

Vanquished Creatures
  2 adders (D:2)
  A dart slug (D:1)
  A ball python (D:1)
  3 endoplasms
  3 giant cockroaches
  6 goblins (D:1)
  4 hobgoblins
  6 jackals (D:1)
  6 kobolds
  2 quokkas
  6 bats
  7 rats
47 creatures vanquished.

Notes
Turn   | Place    | Note
-------+----------+-------------------------------------------
     0 | D:1      | siradein the Kobold Hunter began the quest for the Orb.
     0 | D:1      | Reached XP level 1. HP: 12/12 MP: 1/1
   135 | D:1      | Reached skill level 5 in Crossbows
   421 | D:1      | Reached XP level 2. HP: 4/17 MP: 2/2
  1241 | D:1      | Reached XP level 3. HP: 11/21 MP: 3/3
  1889 | D:1      | Reached skill level 6 in Crossbows
  2510 | D:2      | Reached XP level 4. HP: 26/26 MP: 4/4
  2575 | D:2      | Found a faded altar of an unknown god.
  3454 | D:3      | Found Kobu Emouda's Distillery.
  3455 | D:3      | Quit the game

Illustrated notes

Levels and vault maps discovered:
D:1:      minmay_arrival_five_plusses, layout_basic
D:2:      layout_basic, ebering_ecumenical_altar_webs
D:3:      layout_basic, overflow_temple_1_default, gammafunk_ghost_grave,
          serial_shops, nicolae_shop_trees

Skill      XL: |  1  2  3 |
---------------+----------+-----
Crossbows      | 5 6 |  6.8
Fighting       | |  2.1
Dodging        | |  2.4
Stealth        | |  1.3

Action                   |  1- 3 |  4- 6 || total
-------------------------+-------+-------++-------
Melee: Short sword       |    91 |       ||    91
       Dagger            |    27 |    49 ||    76
Throw: Dart              |       |     6 ||     6
 Stab: Sleeping          |     7 |     4 ||    11
Armor: Leather armour    |    21 |     8 ||    29
Dodge: Dodged            |    86 |    26 ||   112

Table legend: (Time is in decaauts)
 A = Elapsed time spent in this place.
 B = Non-inter-level travel time spent in this place.
 C = Inter-level travel time spent in this place.
 D = Time resting spent in this place.
 E = Time spent auto-exploring this place.
 F = Levels seen in this place.
 G = Mean time per level.
                   A        B        C        D        E       F      G
               +--------+--------+--------+--------+--------+-----+--------+
         Total |   3462 |   3371 |     91 |    103 |   2839 |   3 | 1154.0 |
       Dungeon |   3462 |   3371 |     91 |    103 |   2839 |   3 | 1154.0 |
               +--------+--------+--------+--------+--------+-----+--------+

Top non-repeatable levels by time:
     D:1: 2436 daAuts
     D:2: 1024 daAuts
     D:3: 0 daAuts
